 Dungeon Crawl Stone Soup version 0.30-a0-354-g6b83867211 (webtiles) character file.

Game seed: 591805059125608545

32 blackman the Chopper (level 3, 0/23 HPs)
             Began as a Tengu Berserker on Nov 8, 2022.
             Was a Follower of Trog.
             Slain by a ball python (2 damage)
             ... on level 1 of the Dungeon.
             The game lasted 00:02:24 (585 turns).

blackman the Chopper (Tengu Berserker)               Turns: 585, Time: 00:02:24

Health: 0/23       AC:  2    Str: 19    XL:     3   Next: 25%
Magic:  4/4        EV:  9    Int:  7    God:    Trog [*.....]
Gold:   50         SH:  0    Dex: 13    Spells: 2/2 levels left

rFire   . . .      SeeInvis .    a - +0 hand axe
rCold   . . .      Faith    .    (no shield)
rNeg    . . .      Spirit   .    b - +0 animal skin
rPois   .          Reflect  .    (helmet restricted)
rElec   .          Harm     .    (no cloak)
rCorr   .          Rampage  .    (no gloves)
Will    .....                    (boots unavailable)
Stlth   +.........               (no amulet)
HPRegen 0.23/turn                (no ring)
MPRegen 0.09/turn                (no ring)

@: constricted
A: beak, talons 3
a: Renounce Religion, Berserk


You were on level 1 of the Dungeon.
You worshipped Trog.
Trog was aware of your devotion.
You visited 1 branch of the dungeon, and saw 1 of its levels.

You collected 50 gold pieces.

Inventory:

Hand Weapons
 a - a +0 hand axe (weapon)
Armour
 b - a +0 animal skin (worn)
Scrolls
 d - a scroll of enchant armour {unknown}
 e - a scroll of vulnerability {unknown}
Potions
 c - a potion of berserk rage {unknown}
 f - a potion of heal wounds {unknown}


   Skills:
 - Level 3.0 Fighting
 + Level 4.7 Axes
 - Level 2.1 Armour
 - Level 2.1 Dodging


You had 2 spell levels left.
You didn't know any spells.
Your spell library was empty.

Dungeon Overview and Level Annotations

Branches:
Dungeon (1/15)

Altars:


Innate Abilities, Weirdness & Mutations

You have a beak for a mouth.
You have claws for feet.


Message History

The frilled lizard closely misses you. The hobgoblin hits you.
The ball python bites you. The ball python misses you.
You are too injured to fight recklessly!
The bat hits you but does no damage.
The ball python attacks as you move away!
The ball python bites you. The ball python barely misses you.
The bat closely misses you. The ball python bites you.
The ball python grabs you. The ball python constricts you.
The bat barely misses you.
You escape the ball python's grasp.
The bat hits you but does no damage.
The ball python attacks as you move away!
The ball python closely misses you. The bat hits you but does no damage.
The ball python closely misses you. The ball python grabs you.
The ball python constricts you.
You escape the ball python's grasp.
The ball python attacks as you move away!
The ball python bites you.
* * * LOW HITPOINT WARNING * * *
The ball python barely misses you. The bat barely misses you.
The ball python closely misses you. The ball python barely misses you.
The bat hits you.
* * * LOW HITPOINT WARNING * * *
There is a stone staircase leading down here.
The ball python barely misses you. x2
The ball python bites you.
* * * LOW HITPOINT WARNING * * *
The ball python closely misses you.
The ball python attacks as you move away!
The ball python bites you.
* * * LOW HITPOINT WARNING * * *
The ball python closely misses you.
You closely miss the ball python. You claw the ball python.
The ball python is moderately wounded.
The ball python closely misses you. The ball python grabs you.
The ball python constricts you.
You closely miss the ball python. Your kick misses the ball python.
The ball python is moderately wounded.
The ball python bites you.
You die...

#.########.# #.#......#.#
#.#.####.#.# #.#.#....#.#
#.#)#....#.# #.#.####.#.#
#############.#........#
...........##.##################
............glSS@..............#
#...#....#.#b#################.#
#.#.#..#.#.#........ #.#
#.#.####.#.#g....... #.#
#.#......#.#.....(.. #.#
#.########.#........ #.##
#.#........#........ #...
#.#.########........ #### ..#.#
#....)... ######


You could see a hobgoblin, a bat, 2 ball pythons and a frilled lizard.

Vanquished Creatures
  A dart slug (D:1)
  3 endoplasms (D:1)
  4 giant cockroaches (D:1)
  4 jackals (D:1)
  2 quokkas (D:1)
  2 ball pythons (D:1)
  3 bats (D:1)
  2 frilled lizards (D:1)
  4 kobolds (D:1)
  A rat (D:1)
26 creatures vanquished.

Notes
Turn   | Place    | Note
-------+----------+-------------------------------------------
     0 | D:1      | blackman the Tengu Berserker began the quest for the Orb.
     0 | D:1      | Reached XP level 1. HP: 14/14 MP: 2/2
    93 | D:1      | Reached XP level 2. HP: 19/19 MP: 3/3
   136 | D:1      | Reached skill level 4 in Axes
   272 | D:1      | Reached XP level 3. HP: 14/23 MP: 4/4
   583 | D:1      | HP: 1/23 [ball python (3)]
   585 | D:1      | Slain by a ball python

Illustrated notes

Levels and vault maps discovered:
D:1:      scummos_arrival_hexagon, layout_basic

Skill      XL: |  1  2 |
---------------+-------+-----
Axes           | 4 |  4.7
Fighting       | |  3.0
Armour         | |  2.1
Dodging        | |  2.1

Action                   || total
-------------------------++-------
Melee: Hand axe          ||    46
       Kick              ||     7
       Peck              ||     7
 Stab: Sleeping          ||     1
Armor: Animal skin       ||    13
Dodge: Dodged            ||    44

Table legend: (Time is in decaauts)
 A = Elapsed time spent in this place.
 B = Non-inter-level travel time spent in this place.
 C = Inter-level travel time spent in this place.
 D = Time resting spent in this place.
 E = Time spent auto-exploring this place.
 F = Levels seen in this place.
 G = Mean time per level.
                   A        B        C        D        E       F      G
               +--------+--------+--------+--------+--------+-----+--------+
         Total |    589 |    589 |      0 |      0 |    452 |   1 |  589.0 |
       Dungeon |    589 |    589 |      0 |      0 |    452 |   1 |  589.0 |
               +--------+--------+--------+--------+--------+-----+--------+

Top non-repeatable levels by time:
     D:1: 589 daAuts
